 Dungeon Crawl Stone Soup version 0.31-a0-600-g62dffe198b (webtiles) character file.

Game seed: 6337484219427603573

322 Descartes the Ducker (level 6, -1/28 HPs)
             Began as a Felid Shapeshifter on Aug 21, 2023.
             Slain by an orc warrior
             ... wielding a +0 trident
              (18 damage)
             ... on level 5 of the Dungeon.
             The game lasted 00:07:22 (3601 turns).

Descartes the Ducker (Felid Shapeshifter)           Turns: 3601, Time: 00:07:23

Health: -1/28      AC:  2    Str: 13    XL:     6   Next: 22%
Magic:  16/16      EV: 20    Int:  9    God:
Gold:   230        SH:  0    Dex: 17    Spells: 5/5 levels left
                                        Lives:  0   Deaths: 2

rFire   . .          .
                       - Unarmed
rCold   . . .        (shield unavailable)
rNeg    . . .        (body armour unavailable)
rPois   .            (helmet unavailable)
rElec   .            (cloak unavailable)
rCorr   .            (gloves unavailable)
SInv    +            (boots unavailable)
Will    .....        (no amulet)
Stlth   +++          p - ring of wizardry
HPRegen 0.24/turn    k - ring of magical power
MPRegen 0.15/turn

%: wizardry (x1)
@: beast-form, quick
A: beast (slay +3), very small, claws 1, fangs 3, see invisible, speed 1, shaggy
fur 2, stealthy paws, no weapons or thrown items, no armour, multi-lived
a: Begin Untransformation


You were on level 5 of the Dungeon.
You were a hulking beast.
You visited 1 branch of the dungeon, and saw 5 of its levels.

You collected 230 gold pieces.

Inventory:

Jewellery
 k - a ring of magical power (right paw)
 p - a ring of wizardry (left paw)
Talismans
 b - a beast talisman (active)
 c - a flux talisman
Scrolls
 e - 2 scrolls of teleportation {unknown}
 f - 3 scrolls of identify {unknown}
 g - 2 scrolls of revelation {unknown}
 j - 3 scrolls of noise {unknown}
 m - a scroll of torment {unknown}
 n - a scroll of brand weapon {unknown}
Potions
 a - a potion of lignification
 d - 2 potions of enlightenment {unknown}
 h - a potion of invisibility {unknown}
 i - a potion of magic {unknown}
 l - 2 potions of mutation {unknown}
 o - a potion of curing {unknown}
 q - a potion of brilliance {unknown}


   Skills:
 + Level 3.7 Fighting
 + Level 5.6 Dodging
 + Level 5.2 Stealth
 + Level 4.9 Unarmed Combat
 + Level 4.7 Shapeshifting


You had 5 spell levels left.
You didn't know any spells.
Your spell library contained the following spells:

 Spells                   Type           Power      Damage    Failure   Level
 Cigotuvi's Dreadful Rot  Necr/Pois/Air  0%         N/A       24%         2
 Dazzling Flash           Conj/Hex       0%         N/A       43%         3
 Ignite Poison            Fire/Tmut/Pois 0%         N/A       43%         3
 Volatile Blastmotes      Fire/Tloc      0%         2d10      43%         3
 Freezing Cloud           Conj/Ice/Air   0%         6-21      98%         5
 Starburst                Conj/Fire      0%         6d3       100%        6
 Maxwell's Capacitive Co  Air            0%         ∞         100%        8


Dungeon Overview and Level Annotations

Branches:
Dungeon (5/15)
 Temple: D:4-7

Altars:
Dithmenos
Fedhas
Hepliaklqana
Makhleb
Ru
Wu Jian

Annotations:
D:2 Crazy Yiuf


Innate Abilities, Weirdness & Mutations

You are a hulking beast.
Your limbs bulge with bestial killing power. (Slay +3)
You have sharp claws.
You have razor-sharp teeth.
You have supernaturally acute eyesight. (SInv)
You cover ground quickly. (Speed+)
You are covered in thick fur. (AC +2)
Your paws help you pounce on unaware monsters.
You are incapable of wielding weapons or throwing items.
You cannot wear armour.
You gain extra lives every three experience levels.


Message History

You rejoin the land of the living...
No target in view!
No target in view!
No target in view!
No target in view!
No target in view!
No target in view!
No target in view!
No target in view!
No target in view!
No target in view!
No target in view!
No target in view!
Unknown command.
No target in view!
You scratch the orc wizard.
The orc wizard is heavily wounded.
The orc wizard misses you.
You claw the orc wizard!
You kill the orc wizard!
The orc warrior completely misses you. The orc warrior misses you.
Things that are here:
a +0 dagger; a +0 robe You claw the orc warrior!
You bite the orc warrior.
The orc warrior is heavily wounded.
The orc warrior hits you with a +0 trident!
You closely miss the orc warrior. Your bite misses the orc warrior.
The orc warrior is heavily wounded.
The orc warrior closely misses you.
You scratch the orc warrior.
The orc warrior is heavily wounded.
The orc warrior misses you.
You scratch the orc warrior.
The orc warrior is severely wounded.
You closely miss the orc warrior.
The orc warrior is severely wounded.
The orc warrior hits you with a +0 trident!!
Ouch! That really hurt!
You die...

.^ ... ### #.##
©.# # ##..## #?.#
..####....###...#
........o......[#
......[)h.......
......[..##.#.##
......!.......#
##########...##
#<.......#
########.###
#...)### #...÷..#
#...##.#####


You could see an orc warrior.

Vanquished Creatures
  Sigmund (D:1)
  A sky beast (D:4)
  An ogre (D:5)
  A scorpion (D:3)
  A howler monkey (D:4)
  A jelly (D:4)
  Natasha (thrice) (D:2)
  Terence (D:2)
  An iguana (D:5)
  3 orc wizards
  2 adders
  A worm (D:4)
  4 dart slugs
  13 orcs
  8 endoplasms
  6 giant cockroaches
  4 goblins
  4 hobgoblins
  8 kobolds
  3 quokkas
  5 ball pythons
  7 bats
  2 frilled lizards (D:2)
  6 rats
87 creatures vanquished.

Notes
Turn   | Place    | Note
-------+----------+-------------------------------------------
     0 | D:1      | Descartes the Felid Shapeshifter began the quest for the
                  | Orb.
     0 | D:1      | Reached XP level 1. HP: 9/9 MP: 2/2
   286 | D:1      | Reached XP level 2. HP: 5/12 MP: 3/3
   291 | D:1      | Reached skill level 1 in Stealth
   965 | D:2      | Noticed Sigmund
   977 | D:2      | Noticed Terence
  1078 | D:2      | Reached XP level 3. HP: 15/15 MP: 4/4
  1138 | D:2      | Found a runed translucent door.
  1139 | D:2      | Noticed Crazy Yiuf
  1212 | D:1      | Killed Sigmund
  1213 | D:1      | Reached XP level 4. HP: 12/20 MP: 5/5
  1213 | D:1      | Reached XP level 5. HP: 13/23 MP: 6/6
  1307 | D:2      | Killed Terence
  1438 | D:2      | Noticed Natasha
  1449 | D:2      | Killed Natasha
  1450 | D:2      | Gained mutation: You are covered in thick fur. (AC +2)
                  | [Felid growth]
  1450 | D:2      | Reached XP level 6. HP: 15/27 MP: 7/7
  1547 | D:2      | Noticed Natasha
  1559 | D:2      | Killed Natasha
  1590 | D:2      | Noticed Natasha
  1599 | D:2      | Killed Natasha
  2290 | D:3      | Found a hazy altar of Hepliaklqana.
  2484 | D:4      | Found a blossoming altar of Fedhas.
  2490 | D:4      | Noticed a sky beast
  2504 | D:4      | Slain by a sky beast
  2505 | D:4      | Reached XP level 5. HP: -2/24 MP: 6/6
  2614 | D:4      | Killed a sky beast
  2615 | D:4      | Reached skill level 5 in Dodging
  2615 | D:4      | Reached XP level 6. HP: 28/28 MP: 7/7
  3087 | D:4      | Found a burning altar of Makhleb.
  3087 | D:4      | Found an ornate altar of the Wu Jian Council.
  3091 | D:4      | Found a sacrificial altar of Ru.
  3091 | D:4      | Found a shadowy altar of Dithmenos.
  3300 | D:5      | Entered Level 5 of the Dungeon
  3317 | D:5      | Reached skill level 5 in Stealth
  3317 | D:5      | Reached XP level 7. HP: 20/31 MP: 8/8
  3574 | D:5      | Slain by an orc warrior
  3575 | D:5      | Reached XP level 6. HP: 0/28 MP: 16/16
  3601 | D:5      | Slain by an orc warrior

Illustrated notes

Levels and vault maps discovered:
D:1:      minmay_arrival_jagged, layout_basic
D:2:      layout_basic, uniq_natasha, uniq_crazy_yiuf_cottage, uniq_sigmund,
          uniq_terence
D:3:      cheibrodos_old_hovel, layout_loops_ring, old_standard_altar,
          corexii_item_surrounded_by_moat, grunt_decor_clamped
D:4:      layout_loops_cross, grunt_temple_overflow_open,
          nicolae_overflow_crystal_walls, st_stairs_5
D:5:      layout_basic, gammafunk_ghost_abyssal_escape, due_unseen_surprise

Skill      XL: |  1  2  3  4  5  6 |
---------------+-------------------+-----
Stealth        | 1 3 5 |  5.2
Dodging        | 3 4 5 |  5.6
Fighting       | 2 3 |  3.7
Shapeshifting  | 4 |  4.7
Unarmed Combat | 4 |  4.9

Action                     |  1- 3 |  4- 6 |  7- 9 || total
---------------------------+-------+-------+-------++-------
  Melee: Unarmed           |    68 |   146 |    15 ||   229
         Bite              |     4 |    16 |       ||    20
         Punch             |     1 |     1 |       ||     2
   Stab: Sleeping          |     4 |    11 |       ||    15
         Distracted        |       |     1 |       ||     1
 Armour: Skin              |     3 |     4 |       ||     7
  Dodge: Dodged            |    54 |    79 |    18 ||   151

Table legend: (Time is in decaauts)
 A = Elapsed time spent in this place.
 B = Non-inter-level travel time spent in this place.
 C = Inter-level travel time spent in this place.
 D = Time resting spent in this place.
 E = Time spent auto-exploring this place.
 F = Levels seen in this place.
 G = Mean time per level.
                   A        B        C        D        E       F      G
               +--------+--------+--------+--------+--------+-----+--------+
         Total |   3089 |   3020 |     69 |      0 |   2394 |   5 |  617.8 |
       Dungeon |   3089 |   3020 |     69 |      0 |   2394 |   5 |  617.8 |
               +--------+--------+--------+--------+--------+-----+--------+

Top non-repeatable levels by time:
     D:1: 895 daAuts
     D:3: 763 daAuts
     D:4: 658 daAuts
     D:2: 559 daAuts
     D:5: 211 daAuts
